 Dungeon Crawl Stone Soup version 0.28.0-53-g5a82cb258f (webtiles) character file.

Game seed: 13181959473691059523

82089 ILmort the Severer (level 15, 0/148 HPs)
             Began as a Hill Orc Monk on Aug 20, 2022.
             Was the Champion of Beogh.
             Slain by a ghost moth (1 damage)
             ... led by a torpor snail
             ... on level 3 of the Spider Nest on Aug 21, 2022.
             The game lasted 03:34:32 (36194 turns).

ILmort the Severer (Hill Orc Monk)                 Turns: 36194, Time: 03:34:33

Health: 0/148      AC: 23    Str: 21 (22) XL:     15   Next: 72%
Magic:  0/25       EV: 10    Int:  9 (10) God:    Beogh [******]
Gold:   484        SH: 16    Dex: 13 (15) Spells: 14/14 levels left

rFire   + . .      SeeInvis .   a - +5 broad axe
rCold   . . .      Faith    .   Y - +0 tower shield
rNeg    + . .      Spirit   .   f - +5 plate armour
rPois   +          Reflect  .   (helmet restricted)
rElec   +          Harm     .   n - +1 cloak {rPois}
rCorr   .          Rampage  .   v - +2 pair of gloves
Will    +....                   H - +0 pair of boots
Stlth   ..........              B - amulet of regeneration
HPRegen 1.14/turn               y - ring of protection from fire
MPRegen 0.19/turn               D - ring of the Lizard {rElec rN+ EV+4}

@: no status effects
A: walk on water, antennae 1, thin skeletal structure 1, deformed body
a: Renounce Religion, Smiting, Recall Orcish Followers, Give Item to Named
Follower, Resurrection


You were on level 3 of the Spider Nest.
You worshipped Beogh.
Beogh was exalted by your worship.
You visited 4 branches of the dungeon, and saw 25 of its levels.
You also visited: Gauntlet.

You collected 1874 gold pieces.
You spent 1390 gold pieces at shops.

Inventory:

Hand Weapons
 a - a +5 broad axe (weapon)
 b - a +4 flail
 d - a +1 battleaxe of freezing
 u - a +0 glaive
 W - a +0 glaive
Missiles
 q - 2 throwing nets (quivered)
Armour
 f - a +5 plate armour (worn)
 m - a +0 kite shield
 n - a +1 cloak of poison resistance (worn)
 r - a scarf of resistance
 v - a +2 pair of gloves (worn)
 H - a +0 pair of boots (worn)
 S - a +2 scale mail of cold resistance
 Y - a +0 tower shield (worn)
Jewellery
 c - a +4 ring of protection
 i - a ring of willpower
 l - a ring of poison resistance
 o - an amulet of the acrobat
 y - a ring of protection from fire (left hand)
 z - a ring of willpower
 B - an amulet of regeneration (around neck)
 D - the ring of the Lizard (right hand) {rElec rN+ EV+4}
   (You bought it in a shop on level 2 of the Orcish Mines)

   [ring of evasion]

   EV:        It affects your evasion (+4).
   rElec:     It insulates you from electricity.
   rN:        It protects you from negative energy.
 M - a ring of protection from fire
Wands
 t - a wand of acid (2)
 x - a wand of paralysis (17)
 C - a wand of polymorph (19)
 G - a wand of digging (6)
 N - a wand of iceblast (16)
 U - a wand of charming (1)
 X - a wand of flame (7)
Scrolls
 e - 4 scrolls of teleportation
 h - 3 scrolls of fear
 j - a scroll of amnesia
 p - 3 scrolls of blinking
 F - 3 scrolls of silence
 I - 4 scrolls of fog
 O - 4 scrolls of magic mapping
 P - a scroll of summoning
 Q - 3 scrolls of identify
Potions
 g - 5 potions of brilliance
 k - 2 potions of curing
 s - 3 potions of invisibility
 A - a potion of resistance
 E - a potion of flight
 J - a potion of lignification
 Z - 4 potions of ambrosia
Miscellaneous
 w - a phial of floods


   Skills:
 * Level 17.7 Fighting
 - Level 18.0 Axes
 + Level 12.2 Armour
 - Level 5.2 Dodging
 - Level 1.5 Stealth
 * Level 10.6 Shields
 + Level 14.3 Invocations


You had 14 spell levels left.
You didn't know any spells.
Your spell library contained the following spells:

 Spells                   Type           Power      Damage    Failure   Level
 Magic Dart               Conj           0%         1d3       100%        1
 Slow                     Hex            0%         N/A       100%        1
 Ensorcelled Hibernation  Hex/Ice        0%         N/A       100%        2
 Searing Ray              Conj           0%         2d4       100%        2
 Sublimation of Blood     Necr           0%         N/A       100%        2
 Wereblood                Tmut           0%         N/A       100%        2
 Confusing Touch          Hex            0%         N/A       100%        3
 Conjure Flame            Conj/Fire      0%         6-21      100%        3
 Ignite Poison            Fire/Tmut/Pois 0%         N/A       100%        3
 Spider Form              Tmut/Pois      0%         N/A       100%        3
 Stone Arrow              Conj/Erth      0%         3d7       100%        3
 Vampiric Draining        Necr           0%         2d6       100%        3
 Anguish                  Hex/Necr       0%         N/A       100%        4
 Animate Armour           Summ/Erth      0%         N/A       100%        4
 Fulminant Prism          Conj/Hex       0%         3d6       100%        4
 Hailstorm                Conj/Ice       0%         3d3       100%        4
 Ice Form                 Ice/Tmut       0%         N/A       100%        4
 Sticky Flame             Conj/Fire      0%         2d3       100%        4
 Yara's Violent Unravell  Hex/Tmut       0%         3d3       100%        5
 Simulacrum               Ice/Necr       0%         N/A       100%        6
 Enfeeble                 Hex            0%         N/A       100%        7
 Summon Hydra             Summ           0%         N/A       100%        7
 Lehudib's Crystal Spear  Conj/Erth      0%         10d2      100%        8


Dungeon Overview and Level Annotations

Branches:
Dungeon (14/15)            Temple (0/1) D:7            Lair (6/6) D:10
  Swamp (0/4) Lair:2       Spider (3/4) Lair:4        Slime (0/5) Lair:5
    Orc (2/2) D:10            Elf (0/3) Orc:2        Vaults (0/5) D:13
Gauntlet (visited)

Altars:
Xom
Beogh

Shops:
D:7 **   Orc:2 =**=

Annotations:
D:9 exclusion: 2 downstairs
Lair:5 exclusion: oklob plant
Lair:6 exclusion: oklob plant
Abyss:1 Coriuq's ghost, adept NaCA; Onoul's ghost, adept DDBe


Innate Abilities, Weirdness & Mutations

You can walk on water.
You have a pair of small antennae on your head.
You have a somewhat thin skeletal structure. (Dex +2, Stealth+)
Armour fits poorly on your strangely shaped body.


Message History

You feel weakened.
Something stings you but does no damage.
The meliai hits you but does no damage. You block the meliai's attack.
The meliai hits you but does no damage.
The meliai stings you but does no damage.
The redback bites you but does no damage.
Something hits you but does no damage. You block something's attack. x2
The meliai barely misses you. You block the meliai's attack.
Items here: )) [[ †.
You slice the meliai!! You closely miss the redback. You miss something.
You block the redback's attack. You block the meliai's attack. x2
You feel you are being watched by something.
Something hits you but does no damage. x2
Something stings you but does no damage.
The redback barely misses you. You block the meliai's attack.
The meliai stings you but does no damage.
You closely miss the meliai. You miss something. You hit the redback.
You block the meliai's attack. x2
You feel you are being watched by something.
You feel your power leaking away. Something hits you.
* * * LOW HITPOINT WARNING * * *
You feel clumsy. You block something's attack. Something stings you.
* * * LOW HITPOINT WARNING * * *
The redback bites you but does no damage.
You block the meliai's attack. x2
You feel you are being watched by something.
The meliai hits you but does no damage. You block the meliai's attack.
The redback bites you but does no damage.
Something hits you but does no damage. x2
Something stings you but does no damage.
As you read the scroll of fear, it crumbles to dust.
You assume a fearsome visage.
The wolf spider looks frightened!
The redback looks frightened!
The meliai looks frightened!
The meliai calls down the wrath of its god upon you.
Something smites you!
* * * LOW HITPOINT WARNING * * *
You block something's attack. Something hits you.
You die...

. ..#. .
(.##.$. ^
#.^#.. .#
##s... ##.#
#..#..####
.^.##
#.^.s.s^##....#
#.#..[[..#
###.#<.###.#
#.^#y{@# ...
##^.$#..# #..!.
#..<##...#
^#.##
##..#...##
###.. #..##..^
#.# ^}^.#..##
.. ^..#.##.#
.... ## ##
.##..


You could see a wolf spider (fleeing), a redback (fleeing) and a meliai
(fleeing).

Vanquished Creatures
  Louise (Spider:1)
  A ghost moth (Spider:1)
  3 spark wasps (Spider:1)
  A hydra (Lair:2)
  2 centaur warriors (D:14)
  Erica (D:8)
  A two-headed ogre (D:9)
  A tengu warrior (D:14)
  A pharaoh ant (Spider:1)
  2 orb spiders (Spider:2)
  2 phantasmal warriors (D:13)
  A deep elf pyromancer (D:14)
  3 wolf spiders
  An iron dragon zombie (D:14)
  A stone giant zombie (D:14)
  An ugly thing (D:12)
  4 elephants
  A manticore (D:14)
  2 black mambas
  A torpor snail (Spider:3)
  4 cane toads
  A yaktaur (D:13)
  Maggie (D:9)
  2 rime drakes
  An ice devil (Lair:4)
  A golden dragon simulacrum (D:14)
  3 komodo dragons
  A demonic crawler (Spider:2)
  A polar bear (Lair:6)
  4 blink frogs
  5 tarantellas
  A hornet (D:8)
  4 meliai
  A dream sheep (Lair:6)
  3 culicivoras
  A shadow (D:9)
  10 jumping spiders
  14 yaks
  A dire elephant simulacrum (Lair:1)
  4 humans (D:13)
  4 wraiths
  A water elemental (D:14)
  5 vampire mosquitoes
  A basilisk (Lair:4)
  2 steam dragons
  8 redbacks
  Grum (Lair:1)
  7 water moccasins
  5 orc warriors
  An ice beast (D:5)
  4 ogres
  4 centaurs
  2 wolves
  12 kobold brigands
  6 bullfrogs
  A cane toad simulacrum (Lair:4)
  A scorpion (D:4)
  A water moccasin zombie (D:5)
  A water moccasin skeleton (D:6)
  13 killer bees
  3 wights (D:8)
  3 howler monkeys
  A centaur zombie (D:9)
  4 hounds
  2 jellies
  2 centaur skeletons (D:7)
  3 gnoll shamans
  Crazy Yiuf (D:7)
  6 orc priests
  4 iguanas
  13 orc wizards
  A wolf simulacrum (Lair:4)
  18 gnolls
  12 adders
  An ufetubus (D:4)
  2 worms
  A dart slug (D:4)
  22 orcs
  11 ball pythons
  6 endoplasms
  3 giant cockroaches
  8 goblins
  4 hobgoblins
  40 kobolds
  2 quokkas (D:1)
  5 bats
  A frilled lizard (D:2)
  3 rats (D:1)
  A plant (Lair:4)
357 creatures vanquished.

Vanquished Creatures (collateral kills)
  Jorgrun (D:14)
  The ghost of iishen the Markscentaur, an adept CeHu of Okawaru (Spider:2)
  Agnes (Spider:2)
  Kirke (Lair:6)
  The ghost of Dasesuj the Grappler, a journeyman OgTm of Okawaru (D:14)
  An emperor scorpion (Spider:1)
  A ghost moth (Spider:2)
  2 spark wasps (Spider:3)
  An ettin (Orc:1)
  A vault guard (D:13)
  2 spriggan zombies (D:14)
  A spectral tengu (D:14)
  2 hydras (Lair:6)
  A boulder beetle (Lair:6)
  A merfolk avatar (Lair:6)
  A centaur warrior (D:13)
  A spectral stone giant (D:14)
  2 death knights (D:13)
  3 two-headed ogres
  A death yak (Lair:4)
  4 orc high priests (Orc:2)
  A tengu warrior (D:14)
  3 skeletal warriors (D:13)
  A spectral spark wasp (D:14)
  A sun moth (Spider:2)
  The ghost of Sableheart the Destroyer, a novice DrCj of Vehumet (D:9)
  A pharaoh ant (Spider:2)
  A spark wasp zombie (D:14)
  3 steelbarb worms
  4 orb spiders
  A bog body (Lair:2)
  3 wizards (D:13)
  A lindwurm (Lair:6)
  A deep elf archer (D:13)
  2 harpies (Lair:6)
  A phantasmal warrior (D:13)
  A deep elf pyromancer (D:14)
  A necromancer (D:13)
  A cyclops (D:12)
  9 wolf spiders
  2 slime creatures (D:12)
  3 manticores
  A moth of wrath (Spider:2)
  3 black mambas
  18 elephants
  2 torpor snails
  6 cane toads
  A kobold demonologist (D:10)
  6 komodo dragons
  An efreet (D:14)
  A freezing wraith (D:13)
  3 demonic crawlers
  A rime drake (Lair:4)
  An entropy weaver simulacrum (Lair:4)
  A tengu conjurer (D:13)
  An ice devil (Lair:4)
  A queen bee (Lair:3)
  3 trolls
  2 meliai (Spider:3)
  5 blink frogs
  8 tarantellas
  3 polar bears
  2 wolf spider simulacra (Lair:1)
  2 hornets (Lair:6)
  A snapping turtle (Lair:6)
  5 dream sheep (Lair:6)
  13 jumping spiders
  A shadow (D:11)
  15 culicivoras
  A basilisk (Lair:3)
  A hog (Lair:6)
  A wyvern (Lair:4)
  27 yaks
  14 humans (D:13)
  30 redbacks
  3 vampire mosquitoes
  2 steam dragons (Lair:6)
  3 wargs
  An acid dragon (D:12)
  A hydra simulacrum (Lair:1)
  8 water moccasins
  An ice beast (D:7)
  7 orc warriors
  An ogre (Orc:1)
  A centaur (D:14)
  14 wolves
  5 kobold brigands (D:10)
  4 bullfrogs
  A gnoll sergeant (D:8)
  A wyvern zombie (D:7)
  A two-headed ogre simulacrum (Lair:4)
  A cane toad simulacrum (Lair:1)
  A water moccasin skeleton (D:7)
  24 killer bees
  2 wights (D:8)
  4 electric eels
  3 howler monkeys
  5 centaur zombies
  A bullfrog skeleton (D:7)
  9 orc priests
  A centaur skeleton (D:7)
  8 orc wizards
  A polar bear simulacrum (Lair:4)
  A spriggan simulacrum (Lair:4)
  4 gnolls
  An adder (D:6)
  14 orcs
  3 kobolds (D:10)
  A butterfly (Lair:6)
  2 fungi
  3 plants
396 creatures vanquished.

Vanquished Creatures (others)
  An orc warlord (Spider:3)
  5 orc knights
  A steelbarb worm (Spider:2)
  An orc sorcerer (Spider:2)
  Maurice (D:9)
  A blink frog (Lair:6)
  A jumping spider (Spider:2)
  3 humans (Lair:6)
  A redback (Spider:2)
  9 orc warriors
  15 orc priests
  20 orc wizards
  43 orcs
  A butterfly (Lair:6)
  3 demonic plants (Gauntlet)
  44 fungi
  172 plants
322 creatures vanquished.

Grand Total: 1075 creatures vanquished

Notes
Turn   | Place    | Note
-------+----------+-------------------------------------------
     0 | D:1      | ILmort the Hill Orc Monk began the quest for the Orb.
     0 | D:1      | Reached XP level 1. HP: 19/19 MP: 1/1
   203 | D:1      | Reached XP level 2. HP: 7/27 MP: 2/2
   641 | D:1      | Reached skill level 5 in Axes
   821 | D:1      | Reached XP level 3. HP: 28/33 MP: 3/3
  1009 | D:1      | Found a faded altar of an unknown god.
  1289 | D:2      | Reached XP level 4. HP: 17/41 MP: 4/4
  1574 | D:2      | Reached skill level 6 in Axes
  2743 | D:3      | Reached XP level 5. HP: 34/47 MP: 5/5
  2910 | D:3      | Reached skill level 5 in Fighting
  3184 | D:3      | Found a shimmering altar of Xom.
  3277 | D:4      | Reached skill level 7 in Axes
  3663 | D:4      | Noticed a kobold brigand
  3670 | D:4      | Killed a kobold brigand
  3671 | D:4      | Reached XP level 6. HP: 35/56 MP: 6/6
  4016 | D:4      | Reached skill level 8 in Axes
  4279 | D:4      | Became a worshipper of Beogh the Brigand
  4279 | D:4      | Reached * piety under Beogh
  4279 | D:4      | Reached ** piety under Beogh
  4434 | D:4      | Reached XP level 7. HP: 56/63 MP: 7/7
  5017 | D:5      | Entered Level 5 of the Dungeon
  5030 | D:5      | Reached skill level 9 in Axes
  5179 | D:5      | Reached skill level 1 in Armour
  5179 | D:5      | Reached skill level 1 in Invocations
  5881 | D:5      | Reached XP level 8. HP: 71/71 MP: 9/9
  6169 | D:5      | Reached skill level 10 in Axes
  7085 | D:6      | Reached *** piety under Beogh
  7630 | D:7      | Reached skill level 11 in Axes
  8189 | D:7      | Found a runed translucent door.
  8190 | D:7      | Noticed Crazy Yiuf
  8198 | D:7      | Killed Crazy Yiuf
  8364 | D:7      | Reached XP level 9. HP: 78/80 MP: 12/12
  8448 | D:7      | Found Titaate's Specific Store.
  8464 | D:7      | Found Rymy's General Store.
  8473 | D:7      | Bought a scroll of identify for 20 gold pieces
  8473 | D:7      | Bought a scroll of identify for 20 gold pieces
  8473 | D:7      | Bought a scroll of magic mapping for 35 gold pieces
  8509 | D:7      | Found a staircase to the Ecumenical Temple.
  8548 | D:7      | Reached skill level 5 in Invocations
  8904 | D:8      | Noticed Erica
  8913 | D:8      | Killed Erica
  8914 | D:8      | Reached skill level 12 in Axes
  9106 | D:8      | Gained Harm as an ally
  9240 | D:8      | Reached skill level 5 in Armour
  9266 | D:8      | Reached **** piety under Beogh
  9368 | D:8      | Found a roughly hewn altar of Beogh.
 10294 | D:9      | Noticed a hornet
 10521 | D:8      | Killed a hornet
 10996 | D:9      | Reached XP level 10. HP: 90/90 MP: 14/14
 11005 | D:9      | Reached skill level 13 in Axes
 11276 | D:9      | Noticed Maurice
 11303 | D:9      | Killed Maurice
 11995 | D:9      | Noticed a two-headed ogre
 12002 | D:9      | Killed a two-headed ogre
 12716 | D:9      | Found a runed translucent door.
 12717 | D:9      | Noticed Sableheart's ghost (novice DrCj)
 12739 | D:9      | Killed Sableheart's ghost
 12824 | D:9      | Noticed Maggie
 12833 | D:9      | Reached skill level 14 in Axes
 12834 | D:9      | Killed Maggie
 13303 | D:10     | Entered Level 10 of the Dungeon
 13411 | D:10     | Found a staircase to the Orcish Mines.
 13464 | D:10     | Noticed a two-headed ogre
 13469 | D:9      | Reached skill level 10 in Fighting
 13994 | D:10     | Reached XP level 11. HP: 99/99 MP: 17/17
 14225 | D:10     | Gained Boderik as an ally
 14239 | D:10     | Reached skill level 15 in Axes
 14508 | D:9      | Gained Gorg as an ally
 15104 | D:10     | Killed a two-headed ogre
 15184 | D:10     | Reached skill level 1 in Shields
 15477 | D:10     | Found a staircase to the Lair.
 16209 | Lair:1   | Entered Level 1 of the Lair of Beasts
 16753 | Lair:1   | Gained mutation: You do not regenerate when monsters are
                  | visible. [potion of mutation]
 16753 | Lair:1   | Gained mutation: Your magical capacity is low. (-10% MP)
                  | [potion of mutation]
 16753 | Lair:1   | Gained mutation: You have hidden genetic potential. [potion
                  | of mutation]
 16941 | Lair:1   | Found a transporter.
 16957 | Lair:1   | Found a transporter.
 18063 | Lair:2   | Reached skill level 16 in Axes
 18064 | Lair:2   | Reached ***** piety under Beogh
 18223 | Lair:2   | Reached XP level 12. HP: 99/110 MP: 17/17
 18231 | Lair:2   | Reached skill level 10 in Invocations
 18308 | Lair:2   | Noticed a seven-headed hydra
 18313 | Lair:2   | Killed a nine-headed hydra
 18738 | Lair:2   | Found a staircase to the Swamp.
 19092 | Lair:3   | You fall into a shaft and drop 3 floors!
 19092 | Lair:6   | Entered Level 6 of the Lair of Beasts
 19102 | Lair:6   | Your ally Gorg died
 19109 | Lair:6   | Gained mutation: You have sharp toenails. [hidden
                  | potential]
 19112 | Lair:6   | Gained Boruk as an ally
 19113 | Lair:6   | Reached skill level 17 in Axes
 19170 | Lair:6   | Noticed a merfolk avatar
 19191 | Lair:6   | Killed a merfolk avatar
 19495 | Lair:6   | Reached skill level 5 in Shields
 19781 | Lair:6   | Reached XP level 13. HP: 115/122 MP: 19/19
 20566 | Lair:6   | Noticed Kirke
 20586 | Lair:6   | Killed Kirke
 21114 | Lair:5   | Reached skill level 18 in Axes
 21426 | Lair:5   | Found a frozen archway.
 21459 | Lair:5   | Gained mutation: You are agile. (Dex +2) [hidden potential]
 21459 | Lair:5   | Lost mutation: You have hidden genetic potential. [hidden
                  | potential expressed]
 21630 | Lair:5   | Found a staircase to the Slime Pits.
 22145 | Lair:4   | Found a hole to the Spider Nest.
 22271 | Lair:4   | Reached ****** piety under Beogh
 23197 | Lair:3   | Lost mutation: You have sharp toenails. [potion of
                  | mutation]
 23197 | Lair:3   | Lost mutation: You are agile. (Dex +2) [potion of mutation]
 23197 | Lair:3   | Lost mutation: Your magical capacity is low. (-10% MP)
                  | [potion of mutation]
 23197 | Lair:3   | Gained mutation: Armour fits poorly on your strangely
                  | shaped body. [potion of mutation]
 23197 | Lair:3   | Gained mutation: You have a pair of small antennae on your
                  | head. [potion of mutation]
 23197 | Lair:3   | Gained mutation: You are partially covered in iridescent
                  | scales. (AC +2) [potion of mutation]
 23246 | Lair:3   | Lost mutation: You are partially covered in iridescent
                  | scales. (AC +2) [potion of mutation]
 23246 | Lair:3   | Lost mutation: You do not regenerate when monsters are
                  | visible. [potion of mutation]
 23246 | Lair:3   | Gained mutation: You have a somewhat thin skeletal
                  | structure. (Dex +2, Stealth+) [potion of mutation]
 23324 | Lair:3   | Reached skill level 10 in Armour
 24349 | Lair:1   | Noticed Grum
 24357 | Lair:1   | Killed Grum
 25008 | Orc:1    | Entered Level 1 of the Orcish Mines
 25196 | Orc:2    | Entered Level 2 of the Orcish Mines
 25239 | Orc:2    | Found a roughly hewn altar of Beogh.
 25405 | Orc:2    | Found a staircase to the Elven Halls.
 26023 | Orc:1    | Noticed an ettin
 26036 | Orc:1    | Killed an ettin
 27402 | Orc:2    | Found Azxog's Jewellery Boutique.
 27402 | Orc:2    | Found Huliw's Jewellery Shop.
 27402 | Orc:2    | Found Muemn's General Store.
 27411 | Orc:2    | Found Tocveaw's General Store.
 27745 | Orc:2    | Bought a potion of might for 52 gold pieces
 27748 | Orc:2    | Bought an amulet of regeneration for 450 gold pieces
 27748 | Orc:2    | Bought the ring of the Lizard {rElec rN+ EV+4} for 813 gold
                  | pieces
 28030 | D:11     | Reached XP level 14. HP: 132/133 MP: 23/23
 28267 | D:11     | Identified the +2 robe of the Furrier {Str+5 Int-2}
 28337 | D:11     | Reached skill level 15 in Fighting
 29877 | D:13     | Gained Korbok as an ally
 29990 | D:13     | Found a gate to the Vaults.
 30156 | D:13     | Found a gate leading to a gauntlet.
 30164 | Gauntlet | Entered a Gauntlet
 30164 | Gauntlet | Found a transporter.
 31325 | D:14     | Noticed Jorgrun
 31341 | D:14     | Your ally Harm died
 31684 | D:14     | Killed Jorgrun
 31965 | D:14     | Found a runed translucent gate.
 31967 | D:14     | Noticed Dasesuj's ghost (journeyman OgTm)
 31971 | D:14     | Found a runed translucent gate.
 31972 | D:14     | Found a runed translucent gate.
 31990 | D:14     | Killed Dasesuj's ghost
 31992 | D:14     | Your ally Korbok died
 32559 | Spider:1 | Entered Level 1 of the Spider Nest
 32654 | Spider:1 | Your ally Boruk died
 33072 | Spider:1 | Killed a ghost moth
 33073 | Spider:1 | Reached skill level 5 in Dodging
 33359 | Spider:1 | Noticed Louise
 33363 | Spider:1 | Killed Louise
 33363 | Spider:1 | Noticed an emperor scorpion
 33364 | Spider:1 | Reached XP level 15. HP: 133/145 MP: 13/25
 33371 | Spider:1 | Killed an emperor scorpion
 34283 | Spider:2 | Gained Dorog as an ally
 34428 | Spider:2 | Noticed Agnes
 34430 | Spider:2 | Killed Agnes
 35026 | Spider:2 | Killed a ghost moth
 35027 | Spider:2 | Reached skill level 10 in Shields
 35969 | Spider:2 | Found a runed translucent gate.
 35971 | Spider:2 | Found a runed translucent gate.
 35993 | Spider:2 | Found a runed translucent gate.
 35994 | Spider:2 | Noticed Onoul's ghost (adept DDBe)
 35994 | Spider:2 | Noticed iishen's ghost (adept CeHu)
 35995 | Spider:2 | Noticed Coriuq's ghost (adept NaCA)
 36007 | Spider:2 | Killed iishen's ghost
 36009 | Spider:2 | Banished Coriuq's ghost
 36014 | Spider:2 | Banished Onoul's ghost
 36155 | Spider:3 | Your ally Boderik died
 36178 | Spider:3 | Your ally Dorog died
 36194 | Spider:3 | HP: 1/148 [meliai/divine providence (17)]
 36194 | Spider:3 | Slain by a ghost moth

Illustrated notes

Levels and vault maps discovered:
D:1:      wander_arrival_lonely_grave, layout_basic, basic_ecumenical_altar
D:2:      layout_basic
D:3:      layout_rooms, xom_teletrap_fun, minmay_snake_closets
D:4:      kennysheep_kobold_camp, layout_rooms
D:5:      layout_loops_ring
D:6:      layout_basic
D:7:      layout_loops_cross, minmay_temple_entry_wispy, st_stairs_9,
          nicolae_specific_store, uniq_crazy_yiuf_cottage
D:8:      layout_cave_pools, special_room [special_room_orc], uniq_erica
D:9:      layout_basic, ebering_ghost_reflecting_pool, uniq_maurice, uniq_maggie
D:10:     layout_rooms, lair_entry_dummy, orc_0_dummy, special_room
          [special_room_kobold], minivault_23, minmay_orc_keep
D:11:     layout_roguey, ebering_dispersal_statue_hall
D:12:     layout_basic
D:13:     layout_loops_corners, grunt_vaults_entry_tiered,
          gauntlet_entry_generic
D:14:     layout_irregular_city, minivault_11, gammafunk_ghost_necromancy,
          nooodl_orcs_dogs, uniq_jorgrun
Lair:1:   gammafunk_cloud_chamber, layout_cave_pods, uniq_grum
Lair:2:   layout_regular_city, skrybe_swamp_entry_bodies
Lair:3:   layout_misc_corridors, special_room [special_room_bee]
Lair:4:   dreamdust_isle_of_ice, layout_long_grid,
          hellmonk_spider_entry_not_the_bees, serial_bayou,
          serial_bayou_lagoon_a, serial_bayou_pond_c, serial_bayou_pond_c,
          serial_bayou_lagoon_b
Lair:5:   layout_gridlike, minmay_slime_entry_oklob_enclosed,
          portal_ice_cave_entry_pillars_2, infiniplex_staircase_pool_2
Lair:6:   gammafunk_lair_ancient_temple, layout_long_grid, grunt_megastairs_3,
          lemuel_fruit_fields, infiniplex_staircase_pool, uniq_kirke
Spider:1: layout_spider_delve, nicolae_spider_bzzzt, uniq_louise
Spider:2: layout_cave_pods, gammafunk_ghost_cemetery, uniq_agnes
Spider:3: layout_spider_delve, uniq_arachne
Orc:1:    layout_caves
Orc:2:    st_orc_mages, layout_diamond_mine, mines2_david

Skill      XL: |  1  2  3  4  5  6  7  8  9 10 11 12 13 14 15 |
---------------+----------------------------------------------+-----
Fighting       | 4 5 6 7 8 10 11 13 14 16 17 | 17.7
Axes           | 5 6 7 8 9 11 12 14 16 17 18 | 18.0
Armour         | 1 3 5 7 8 9 10 11 12 | 12.2
Invocations    | 2 4 6 8 9 11 12 13 14 | 14.3
Shields        | 3 5 7 8 10 | 10.6
Dodging        | 3 5 |  5.2
Stealth        | |  1.5

Action                   |  1- 3 |  4- 6 |  7- 9 | 10-12 | 13-15 || total
-------------------------+-------+-------+-------+-------+-------++-------
Melee: Hand axe          |   119 |   124 |       |       |       ||   243
       Broad axe         |       |   101 |   288 |   390 |   623 ||  1402
       Punch             |       |     3 |     5 |     3 |       ||    11
       Kick              |       |       |       |    21 |    97 ||   118
       Whip              |       |       |       |       |    61 ||    61
Throw: Stone             |       |     2 |     7 |       |       ||     9
Invok: Convert to Beogh  |       |     1 |       |       |       ||     1
       Recall Orcish Fol |       |       |     3 |    48 |    98 ||   149
       Stop Recall       |       |       |       |    16 |    33 ||    49
       Smiting           |       |       |       |     2 |    16 ||    18
       Give Item to Name |       |       |       |     1 |     4 ||     5
  Use: Potion            |     2 |       |     2 |    10 |    12 ||    26
       Scroll            |       |       |    11 |     1 |    22 ||    34
 Stab: Sleeping          |     2 |     2 |       |       |       ||     4
       Confused          |       |       |     2 |     1 |       ||     3
       Distracted        |       |       |     1 |     5 |     6 ||    12
Armor: Robe              |     6 |       |       |       |       ||     6
       Leather armour    |    14 |       |       |       |       ||    14
       Ring mail         |    12 |    88 |    66 |       |       ||   166
       Scale mail        |       |       |    19 |       |       ||    19
       Plate armour      |       |       |    84 |   244 |   457 ||   785
Dodge: Dodged            |    76 |   136 |   134 |    96 |   270 ||   712
Block: Buckler           |       |       |       |    44 |    90 ||   134
       Kite shield       |       |       |       |       |    98 ||    98
       Tower shield      |       |       |       |       |   214 ||   214
